Map: Daybreak LE (Void)

Players

Trizztein - Winner!

  • Race: Terran Terran
  • League: Diamond
  • Spawn Location: 1:00

AKD

  • Race: Zerg Zerg
  • League: Diamond
  • Spawn Location: 7:00

VOD

Have the link to the VOD?

Description

Time

  • Played on: Dec. 17, 2016, 7:11 p.m.
  • Length: 26:43
Show
View Real Time Build Order
Export as new Build Order

Trizztein Terran - Winner!

Build Orders: Reaper Expand, Hellion Banshee, Mech 

Get SALT Encoding   

  12  0:00  SCV  
  13  0:13  SCV  
  14  0:17  Supply Depot  
  14  0:25  SCV  
  15  0:39  SCV  
  15  0:40  Barracks  
  16  0:45  Refinery  
  16  0:51  SCV  
  17  1:03  SCV  
  18  1:15  SCV  
  19  1:30  Orbital Command  
  19  1:31  Reaper  
  20  1:43  Command Center  
  20  1:51  Supply Depot  
  20  1:58  SCV  
  21  2:03  Marine  
  22  2:10  SCV  
  22  2:11  Factory  
  23  2:17  Refinery  
  23  2:23  SCV, Barracks Reactor  
  24  2:42  SCV  
  25  2:56  SCV  
  26  3:02  Orbital Command, Starport  
  26  3:06  Hellion x2  
  26  3:08  SCV  
  31  3:17  Barracks Tech Lab  
  31  3:20  SCV  
  32  3:27  Supply Depot, Hellion x2  
  32  3:31  SCV  
  32  3:32  SCV  
  38  3:43  SCV  
  38  3:45  SCV  
  38  3:46  Banshee  
  38  3:47  Cloaking Field  
  43  3:50  Hellion  
  43  3:52  Hellion  
  47  3:55  SCV  
  47  4:00  Supply Depot  
  48  4:04  SCV  
  48  4:05  Supply Depot  
  48  4:08  SCV  
  50  4:12  Armory  
  50  4:16  SCV  
  51  4:19  Hellion  
  51  4:20  SCV  
  51  4:24  Hellion  
  56  4:29  SCV  
  57  4:32  SCV  
  58  4:40  Command Center  
  58  4:41  SCV  
  59  4:49  SCV  
  59  4:52  Supply Depot  
  60  4:53  SCV  
  60  4:59  Refinery  
  61  5:00  Refinery  
  61  5:01  SCV, Barracks Tech Lab  
  61  5:05  SCV  
  61  5:06  Factory  
  60  5:23  Banshee  
  60  5:26  SCV x2  
  59  5:30  Armory  
  59  5:33  Engineering Bay  
  59  5:35  Factory  
  55  5:38  SCV x2  
  53  5:45  Terran Vehicle Weapons Level 1  
  57  5:50  SCV x2, Hellion x2  
  57  5:54  Orbital Command  
  59  6:02  SCV x2  
  61  6:14  SCV x2, Banshee  
  66  6:23  SCV  
  67  6:26  SCV x2  
  69  6:35  SCV  
  69  6:38  Hellion x2  
  74  6:40  Factory Tech Lab  
  74  6:41  Siege Tank  
  77  6:48  Missile Turret  
  77  6:50  Supply Depot  
  77  6:51  Supply Depot  
  77  6:53  Missile Turret  
  77  6:55  SCV  
  77  6:56  SCV, Raven  
  77  6:58  Missile Turret  
  81  7:06  Supply Depot  
  81  7:07  Refinery  
  81  7:08  Supply Depot, SCV x2  
  83  7:12  Widow Mine, Refinery  
  84  7:16  Terran Vehicle And Ship Armor Level 1  
  84  7:20  SCV  
  85  7:28  SCV  
  86  7:32  SCV  
  87  7:40  SCV  
  87  7:44  Siege Tank x2, SCV  
  94  7:45  Hellion x2  
  94  7:49  Starport Reactor  
  98  7:52  SCV  
  98  7:56  SCV  
  100  8:04  Missile Turret  
  100  8:05  SCV  
  101  8:12  Hellion x2  
  105  8:15  Missile Turret  
  105  8:16  Hellion  
  105  8:17  Missile Turret x2  
  107  8:25  Siege Tank  
  105  8:37  Siege Tank  
  105  8:39  SCV  
  109  8:47  Terran Vehicle Weapons Level 2, Hellion x2  
  109  8:48  Infernal Pre-Igniter, SCV  
  114  9:01  Factory, Orbital Command  
  114  9:03  Factory  
  114  9:22  SCV x2  
  116  9:28  Command Center  
  116  9:34  Siege Tank x2, SCV x2  
  116  9:37  Missile Turret  
  124  9:40  Missile Turret, SCV  
  125  9:49  Missile Turret  
  125  9:59  Supply Depot  
  125  10:00  Supply Depot  
  125  10:01  Supply Depot  
  125  10:04  Liberator  
  125  10:09  Terran Vehicle And Ship Armor Level 2  
  125  10:13  Supply Depot  
  125  10:21  Siege Tank, Hellion x2  
  133  10:22  Siege Tank  
  138  10:31  Supply Depot x2  
  138  10:33  Missile Turret  
  138  10:36  Missile Turret  
  138  10:40  Factory Tech Lab  
  139  10:43  Factory Reactor  
  139  10:46  Siege Tank  
  139  10:47  Hellion x2  
  147  10:53  Hellion  
  147  10:59  Hellion  
  149  11:09  Hellion  
  151  11:14  Siege Tank  
  154  11:19  Siege Tank  
  154  11:20  Siege Tank  
  144  11:45  Command Center  
  144  11:46  Siege Tank  
  123  11:48  Command Center  
  123  11:51  Siege Tank  
  123  11:53  Siege Tank  
  117  12:02  Command Center, Hellion x3  
  117  12:03  Terran Vehicle Weapons Level 3  
  123  12:17  Hellion, Refinery  
  123  12:18  Siege Tank  
  123  12:20  Refinery  
  123  12:22  SCV x2  
  130  12:23  Hellion  
  132  12:32  Hellion x2  
  136  12:41  Hellion x3  
  136  12:42  Terran Vehicle And Ship Armor Level 3  
  142  12:44  Hellion  
  142  12:51  Hellion  
  146  12:53  Hellion  
  148  13:02  Command Center  
  148  13:05  Liberator x2  
  148  13:23  Cyclone  
  148  13:24  Hellion x3  
  150  13:29  Siege Tank x2, Hellion  
  158  13:45  Hellion x3  
  158  13:48  Liberator  
  156  13:58  Hellion x2  
  156  14:01  Siege Tank x2  
  152  14:06  Hellion  
  152  14:07  Hellion  
  154  14:22  Hellion  
  154  14:23  Planetary Fortress, Hellion  
  158  14:34  Liberator x2  
  164  15:07  Hellion x2  
  164  15:15  Siege Tank, Hellion x3  
  164  15:16  Terran Ship Weapons Level 1  
  164  15:17  Liberator  
  173  15:27  Starport  
  173  15:29  Starport  
  174  15:36  Planetary Fortress  
  174  15:38  Orbital Command  
  172  15:49  Siege Tank, Hellion x3  
  169  16:01  Siege Tank  
  169  16:02  Hellion x2  
  171  16:11  Hellion x3  
  168  16:21  Hellion  
  168  16:23  Siege Tank, Hellion  
  175  16:28  SCV x2  
  175  16:32  Hellion  
  179  16:33  Refinery x2  
  179  16:34  Missile Turret  
  179  16:36  Missile Turret  
  179  16:38  Missile Turret x2  
  179  16:39  Missile Turret x3  
  179  16:41  Hellion x3  
  179  16:43  Hellion  
  187  16:55  Thor, Hellion x2  
  187  16:57  Starport Reactor, Starport Tech Lab  
  197  17:03  Neosteel Frame  
  197  17:07  Starport  
  191  17:27  Missile Turret  
  191  17:29  Missile Turret  
  191  17:30  Missile Turret  
  191  17:31  Missile Turret  
  191  17:33  Hellion x3  
  191  17:34  Hellion x3  
  186  18:01  Hellion x2  
  182  18:18  Liberator  
  182  18:19  Hellion  
  184  18:22  Hellion x3  
  185  18:28  Hellion x3  
  185  18:32  Viking  
  192  18:43  Terran Ship Weapons Level 2  
  192  18:56  Liberator  
  189  19:09  Siege Tank  
  184  19:11  Siege Tank  
  184  19:14  Hellion x2  
  185  19:17  Hellion  
  179  19:24  Hellion x2  
  177  19:50  Siege Tank x2, Hellion x2  
  177  19:55  Hellion x2  
  177  19:57  Liberator x2  
  166  20:03  Siege Tank  
  140  20:12  Planetary Fortress  
  140  20:14  Viking x3, Hellion x2  
  141  20:22  Siege Tank x2  
  141  20:27  Liberator  
  137  20:29  Hellion x2  
  137  20:35  Siege Tank  
  146  20:43  Hellion x2  
  145  20:54  Siege Tank x2  
  149  21:00  Hellion x2  
  153  21:07  Siege Tank  
  156  21:12  Liberator x2  
  156  21:14  Hellion x2  
  160  21:22  Hellion x2  
  164  21:26  Siege Tank x2  
  164  21:29  Viking x2  
  180  21:35  Hellion  
  180  21:37  Hellion  
  180  21:39  Siege Tank  
  171  21:43  Hellion x2  
  147  21:57  Hellion  
  147  21:58  Siege Tank x2  
  147  21:59  Hellion  
  154  22:05  Hellion  
  150  22:10  Orbital Command  
  150  22:11  Siege Tank, Viking x3  
  157  22:21  Refinery  
  155  22:23  Missile Turret, Refinery  
  155  22:24  Missile Turret  
  155  22:25  Missile Turret x2  
  155  22:26  Hi-Sec Auto Tracking  
  155  22:27  Missile Turret  
  155  22:30  Thor x2  
  155  22:34  Missile Turret  
  164  22:38  Missile Turret, Viking  
  164  22:39  Viking  
  164  22:41  Viking  
  164  22:43  Thor  
  167  23:08  Hellion x4  
  167  23:10  Viking x3  
  159  23:13  Siege Tank x2  
  153  23:25  Command Center  
  153  23:26  Hellion  
  149  23:29  Command Center  
  149  23:30  Hellion x4  
  149  23:32  Command Center  
  151  23:45  Siege Tank, Viking x3  
  151  23:46  Hellion  
  151  23:47  Siege Tank  
  144  24:07  Thor  
  150  24:37  Missile Turret x2  
  150  24:38  Missile Turret  
  142  24:41  Siege Tank x2, Missile Turret  
  142  24:43  Missile Turret  
  146  24:46  Hellion x4  
  146  24:50  Hellion  
  151  25:07  Hellion x2  
  151  25:08  Hellion x2  
  159  25:15  Planetary Fortress  
  159  25:18  Refinery x2  
  159  25:19  Hellion  
  161  25:45  Siege Tank x2, Hellion x3  
  173  25:54  Missile Turret  
  173  26:08  Hellion x3  
  179  26:14  Missile Turret  
  185  26:21  Hellion  
  197  26:35  Missile Turret  
Show
View Real Time Build Order
Export as new Build Order

AKD Zerg 

Build Orders: Hatch First, Lurkers 

Get SALT Encoding   

  12  0:00  Drone  
  13  0:09  Drone  
  14  0:17  Overlord  
  14  0:23  Extractor  
  14  0:24  Drone  
  15  0:36  Drone x2  
  17  0:55  Hatchery  
  17  0:56  Drone  
  17  0:58  Extractor  
  17  1:02  Drone  
  17  1:09  Drone  
  18  1:19  Spawning Pool  
  18  1:23  Drone  
  18  1:28  Drone  
  19  1:38  Drone  
  20  1:49  Overlord  
  20  2:06  Metabolic Boost, Queen  
  20  2:07  Queen  
  24  2:10  Drone  
  24  2:11  Zergling x2  
  24  2:14  Zergling x2  
  27  2:18  Drone  
  27  2:22  Drone  
  29  2:44  Drone x2  
  31  2:47  Hatchery  
  31  2:50  Drone  
  31  2:57  Queen  
  33  3:00  Drone  
  34  3:06  Drone  
  34  3:07  Drone  
  34  3:10  Overlord  
  36  3:26  Lair  
  36  3:27  Extractor  
  36  3:31  Drone x2  
  36  3:32  Evolution Chamber  
  36  3:33  Evolution Chamber  
  36  3:34  Drone  
  36  3:48  Roach Warren  
  36  3:50  Queen  
  36  3:51  Drone  
  38  4:10  Drone x3  
  38  4:11  Zergling x6  
  44  4:17  Overlord  
  44  4:18  Spine Crawler  
  44  4:23  Zerg Missile Weapons Level 1  
  43  4:29  Zerg Ground Armor Level 1  
  43  4:34  Pneumatized Carapace  
  42  4:45  Roach  
  44  4:46  Drone x4  
  48  4:55  Overlord  
  48  4:57  Roach  
  48  4:58  Roach  
  49  5:11  Roach x4  
  56  5:23  Roach  
  56  5:24  Roach x3  
  58  5:38  Overlord  
  56  5:45  Overseer  
  56  5:46  Queen  
  56  5:47  Queen x2  
  56  5:48  Overlord  
  60  5:51  Ravager x2  
  60  5:54  Drone  
  60  5:55  Drone  
  64  6:00  Spore Crawler  
  63  6:13  Spore Crawler  
  63  6:18  Drone x9  
  67  6:35  Drone x4  
  71  6:42  Drone x3  
  74  6:47  Zerg Missile Weapons Level 2  
  74  6:54  Drone x3  
  77  7:05  Drone x4  
  78  7:36  Zerg Ground Armor Level 2  
  76  7:37  Drone x5  
  76  7:38  Hydralisk Den  
  80  7:48  Extractor  
  80  7:49  Extractor  
  78  7:55  Roach  
  78  7:56  Overlord x3  
  80  7:58  Extractor  
  80  7:59  Extractor  
  78  8:06  Spore Crawler, Hydralisk x2  
  78  8:12  Muscular Augments  
  81  8:14  Zergling x14  
  87  8:20  Overseer  
  87  8:21  Overlord  
  82  8:31  Glial Reconstitution  
  82  8:32  Drone x3  
  82  8:33  Drone x3  
  79  8:50  Drone x2  
  79  8:51  Drone x4  
  80  9:04  Hatchery, Drone x2  
  80  9:08  Infestation Pit, Drone x3  
  83  9:22  Drone  
  84  9:28  Hydralisk x7  
  98  9:32  Overlord  
  98  9:33  Overlord  
  98  9:46  Hive  
  98  9:48  Overlord x2  
  98  10:09  Spire, Overlord  
  98  10:10  Roach  
  98  10:11  Roach x8  
  115  10:18  Drone x3  
  118  10:26  Spine Crawler  
  117  10:33  Drone x8  
  125  10:51  Drone x2  
  125  10:54  Ravager x5  
  125  10:55  Ravager  
  125  10:56  Roach  
  143  10:57  Roach x4  
  143  11:00  Overlord x5  
  143  11:08  Spine Crawler  
  143  11:10  Spine Crawler  
  141  11:12  Spore Crawler  
  140  11:25  Corruptor x5  
  134  11:26  Corruptor  
  138  11:35  Roach x10  
  131  11:50  Roach  
  131  11:51  Roach x11  
  134  12:04  Lurker Den  
  134  12:08  Extractor x2  
  132  12:21  Ravager x5  
  132  12:22  Ravager  
  138  12:23  Overlord x3  
  138  12:31  Zerg Flyer Armor Level 1  
  138  12:41  Roach x8  
  138  12:42  Roach  
  156  12:48  Drone x6  
  162  12:53  Hatchery  
  162  12:54  Zergling x2  
  160  13:11  Zerg Ground Armor Level 3, Zerg Missile Weapons Level 3  
  127  13:29  Hydralisk x8  
  143  13:47  Hatchery  
  141  14:04  Hatchery  
  141  14:07  Lurker x4  
  144  14:27  Viper x4  
  156  14:40  Spine Crawler  
  156  14:41  Spine Crawler  
  156  14:42  Spine Crawler  
  153  14:47  Nydus Network  
  153  14:51  Overseer  
  153  14:52  Overlord  
  146  15:36  Zergling x36  
  146  15:37  Zergling x8  
  146  15:41  Adrenal Glands  
  166  15:44  Queen  
  166  15:48  Zerg Melee Weapons Level 1  
  142  16:23  Zergling x2  
  142  16:24  Zergling x30  
  158  16:36  Greater Spire  
  158  16:39  Spire  
  159  16:40  Roach x6  
  169  16:59  Extractor  
  169  17:01  Extractor  
  167  17:13  Roach  
  167  17:14  Hatchery, Roach x15  
  198  17:33  Nydus Canal  
  198  17:35  Roach  
  200  17:51  Zerg Melee Weapons Level 2  
  200  17:58  Overlord x2  
  200  17:59  Overlord  
  134  18:27  Zergling x18  
  134  18:28  Zergling x18  
  151  18:39  Ravager x6  
  151  18:40  Overseer  
  138  19:05  Hydralisk x5  
  138  19:06  Hydralisk x12, Roach  
  156  19:17  Zerg Flyer Weapons Level 1  
  138  19:25  Roach x8  
  148  19:36  Lurker  
  148  19:37  Lurker  
  136  19:41  Roach x12  
  145  19:57  Roach x6  
  145  20:06  Roach x2  
  145  20:07  Roach x6  
  123  20:17  Roach x8  
  134  20:22  Ravager  
  134  20:23  Ravager x4  
  139  20:31  Spore Crawler  
  139  20:33  Spine Crawler  
  139  20:35  Spore Crawler, Spine Crawler  
  136  20:36  Drone x9  
  136  20:37  Spine Crawler  
  136  20:38  Drone x5  
  144  21:02  Viper x5  
  151  21:11  Zerg Flyer Armor Level 2  
  151  21:19  Corruptor  
  151  21:20  Corruptor x8  
  163  21:39  Hydralisk x6  
  146  21:56  Zergling x2  
  146  21:57  Zergling x18  
  156  22:19  Queen  
  158  22:29  Extractor x2  
  156  22:45  Roach x16  
  151  23:33  Roach  
  151  23:34  Roach x8  
  147  23:37  Zergling x2  
  147  23:38  Zergling x16  
  130  23:53  Roach  
  130  23:54  Roach x3  
  120  24:23  Nydus Canal  
  119  24:27  Overlord x2  
  119  24:28  Overlord  
  119  24:30  Drone x3  
  121  24:33  Extractor  
  97  24:45  Zergling x26  
  79  25:20  Roach x10  
  101  25:21  Roach  
  101  25:33  Hatchery  
  100  26:01  Hydralisk x7  
  100  26:03  Zergling x2  
  100  26:04  Zergling x32  
Tags
 
Add a new tag
Caveats
  • Supply blocks, unpowered buildings, or Contaminate may cause inaccurate times.
  • Supply counts are checked every 10 seconds.